 Dungeon Crawl Stone Soup version 0.30-a0-365-ge7f957f1db (webtiles) character file.

Game seed: 9181344846967086088

59 funkygono the Firebug (level 3, 0/25 HPs)
             Began as a Demonspawn Fire Elementalist on Nov 17, 2022.
             Killed by divine providence
             ... invoked by an orc priest
              (13 damage)
             ... on level 2 of the Dungeon.
             The game lasted 00:02:07 (1558 turns).

funkygono the Firebug (DsFE)                        Turns: 1558, Time: 00:02:07

Health: 0/25       AC:  3    Str:  8    XL:     3   Next: 78%
Magic:  3/7        EV: 12    Int: 18    God:
Gold:   97         SH:  0    Dex: 13    Spells: 4/7 levels left

rFire   + . .      SeeInvis .    j - staff of fire
rCold   . . .      Faith    .    (no shield)
rNeg    . . .      Spirit   .    a - +0 robe
rPois   .          Reflect  .    (no helmet)
rElec   .          Harm     .    (no cloak)
rCorr   .          Rampage  .    (no gloves)
Will    .....                    (no boots)
Stlth   ++........               (no amulet)
HPRegen 0.24/turn                (no ring)
MPRegen 0.10/turn                (no ring)

@: no status effects
A: spiny 1, sharp scales 1
a: no special abilities


You were on level 2 of the Dungeon.
You visited 1 branch of the dungeon, and saw 2 of its levels.

You collected 97 gold pieces.

Inventory:

Hand Weapons
 g - a +0 short sword
 i - a +0 whip
 k - a +0 quarterstaff
Armour
 a - a +0 robe (worn)
Magical Staves
 j - a staff of fire (weapon)
Wands
 m - a wand of paralysis (9)
Scrolls
 c - a scroll of enchant armour {unknown}
 d - a scroll of fear {unknown}
 e - 2 scrolls of identify {unknown}
 f - 2 scrolls of vulnerability {unknown}
 h - a scroll of brand weapon {unknown}
 l - a scroll of blinking {unknown}
Potions
 b - 2 potions of magic


   Skills:
 + Level 0.4 Fighting
 + Level 2.0 Dodging
 - Level 1.7 Stealth
 + Level 2.6 Spellcasting
 + Level 1.5 Conjurations
 + Level 3.4 Fire Magic


You had 4 spell levels left.
You knew the following spells:

 Your Spells              Type           Power      Damage    Failure   Level
a - Foxfire               Conj/Fire      68%        2x1d7     6%          1
b - Scorch                Fire           44%        2d7       6%          2

Your spell library contained the following spells:

 Spells                   Type           Power      Damage    Failure   Level
 Inner Flame              Hex/Fire       12%        N/A       26%         3
 Kindle Blastsparks       Fire/Tloc/Air  18%        2d11      32%         3
 Vhi's Electric Charge    Tloc/Air       4%         N/A       45%         3
 Flame Wave               Conj/Fire      17%        2d7       52%         4
 Fireball                 Conj/Fire      8%         3d6       86%         5
 Arcjolt                  Conj/Air       2%         1d12      98%         5
 Starburst                Conj/Fire      8%         6d4       100%        6
 Maxwell's Capacitive Co  Air            1%         ∞         100%        8


Dungeon Overview and Level Annotations

Branches:
Dungeon (2/15)

Altars:

Shops:
D:2 *


Innate Abilities, Weirdness & Mutations

You are partially covered in sharp spines.
You are partially covered in razor-sharp scales. (AC +1, Slay +1)


Message History

An orc wizard comes into view. It is wielding a +0 dagger.
An orc priest comes into view. It is wielding a +0 mace.
An orc comes into view. It is wielding a +0 club.
A dart slug comes into view.
Casting: Foxfire (safe; 6% risk of failure)
Confirm with . or Enter, or press ? or * to list all spells.
You feel a surge of power!
You conjure some foxfire!
The orc shouts!
The foxfire hits the orc but does no damage.
Casting: Foxfire (safe; 6% risk of failure)
Confirm with . or Enter, or press ? or * to list all spells.
You feel a surge of power!
You conjure some foxfire!
The foxfire hits the orc.
The orc is moderately wounded.
The orc wizard hits you but does no damage.
The orc misses you.
Casting: Foxfire (safe; 6% risk of failure)
Confirm with . or Enter, or press ? or * to list all spells.
You feel a surge of power!
Flames lash the orc.
You kill the orc!
The foxfire hits the orc.
The orc is almost dead.
The foxfire hits the orc wizard.
The orc wizard is moderately wounded.
The orc wizard barely misses you.
You hit the orc.
You kill the orc!
The orc wizard hits you with a +0 dagger.
The orc wizard attacks as you move away!
The orc wizard hits you with a +0 dagger.
The orc priest hits you with a +0 mace!
The orc wizard gestures at you while chanting.
You resist with significant effort.
Things that are here:
a +0 dagger; a +0 leather armour; an orc corpse The orc priest attacks as you move away!
The orc priest hits you with a +0 mace.
The orc priest mumbles some strange prayers to Beogh against you.
Beogh smites you!
Ouch! That really hurt!
You die...

...... ### .......### ... ..
......###### #. ..# #.#
........... #.. #.# ..#
....)..... ...## #.# ##.#
......... .#...##.#
##..#######w.......
......#.###..##..o..oo)#
............)..@#####........
........###.##### ##.##....
........###.# .# #..
......)..†..## .. #
##.####.##...# #.# #
#.###..## .# #.# #...# .. #.
#.# #.#.###### #. #.#
#.#......#


You could see an orc priest, an orc wizard, a dart slug and an orc.

Vanquished Creatures
  2 adders (D:2)
  3 dart slugs
  2 orcs (D:2)
  2 ball pythons (D:1)
  An endoplasm (D:2)
  A giant cockroach (D:2)
  3 goblins (D:1)
  3 hobgoblins (D:1)
  A quokka (D:1)
  3 bats
  2 frilled lizards (D:1)
  5 kobolds
  4 rats (D:1)
32 creatures vanquished.

Vanquished Creatures (others)
  87 foxfires
87 creatures vanquished.

Grand Total: 119 creatures vanquished

Notes
Turn   | Place    | Note
-------+----------+-------------------------------------------
     0 | D:1      | funkygono the Demonspawn Fire Elementalist began the quest
                  | for the Orb.
     0 | D:1      | Reached XP level 1. HP: 13/13 MP: 3/3
   154 | D:1      | Reached skill level 3 in Fire Magic
   232 | D:1      | Gained mutation: You are partially covered in razor-sharp
                  | scales. (AC +1, Slay +1) [demonic ancestry]
   232 | D:1      | Reached XP level 2. HP: 17/19 MP: 0/5
   235 | D:1      | Learned a level 2 spell: Scorch
  1220 | D:2      | Gained mutation: You are partially covered in sharp spines.
                  | [demonic ancestry]
  1220 | D:2      | Reached XP level 3. HP: 24/24 MP: 3/6
  1259 | D:2      | Found Fokkuxys's Assorted Antiques.
  1558 | D:2      | Killed from afar by an orc priest

Illustrated notes

Levels and vault maps discovered:
D:1:      mrwooster_arrival_statue_3, layout_loops_ring
D:2:      layout_rooms, serial_shops, shop, nicolae_shop_statue_plus, shop, shop

Skill      XL: |  1  2 |
---------------+-------+-----
Fire Magic     | 3 |  3.4
Dodging        | 2 |  2.0
Fighting       | |  0.4
Stealth        | |  1.7
Spellcasting   | |  2.6
Conjurations   | |  1.5

Action                   || total
-------------------------++-------
Melee: Short sword       ||     1
       Staff             ||     1
 Cast: Foxfire           ||    51
       Scorch            ||     5
Armor: Robe              ||     5
Dodge: Dodged            ||     6

Table legend: (Time is in decaauts)
 A = Elapsed time spent in this place.
 B = Non-inter-level travel time spent in this place.
 C = Inter-level travel time spent in this place.
 D = Time resting spent in this place.
 E = Time spent auto-exploring this place.
 F = Levels seen in this place.
 G = Mean time per level.
                   A        B        C        D        E       F      G
               +--------+--------+--------+--------+--------+-----+--------+
         Total |   1556 |   1530 |     26 |      0 |   1324 |   2 |  778.0 |
       Dungeon |   1556 |   1530 |     26 |      0 |   1324 |   2 |  778.0 |
               +--------+--------+--------+--------+--------+-----+--------+

Top non-repeatable levels by time:
     D:1: 1167 daAuts
     D:2: 389 daAuts
